 Dungeon Crawl Stone Soup version 0.28.0-45-g0d030f2227 (webtiles) character file.

Game seed: 8973099646619629955

88 brightshaft the Chiller (level 4, -1/30 HPs)
             Began as a Merfolk Ice Elementalist on Apr 16, 2022.
             Slain by a hobgoblin (4 damage)
             ... on level 3 of the Dungeon.
             The game lasted 00:03:59 (2810 turns).

brightshaft the Chiller (Merfolk Ice Elementalist)  Turns: 2810, Time: 00:03:59

Health: -1/30      AC:  2    Str:  8    XL:     4   Next: 53%
Magic:  6/8        EV: 12    Int: 16    God:
Gold:   115        SH:  0    Dex: 14    Spells: 2/9 levels left

rFire   . . .      SeeInvis .   b - +0 short sword
rCold   . . .      Faith    .   (no shield)
rNeg    . . .      Spirit   .   a - +0 robe
rPois   .          Reflect  .   (no helmet)
rElec   .          Harm     .   (no cloak)
rCorr   .          Rampage  .   (no gloves)
Will    .....                   (no boots)
Stlth   ++........              (no amulet)
HPRegen 0.10/turn               (no ring)
MPRegen 0.11/turn               (no ring)

@: no status effects
A: (nimble swimmer 2), mertail
a: no special abilities


You were on level 3 of the Dungeon.
You visited 1 branch of the dungeon, and saw 3 of its levels.

You collected 115 gold pieces.

Inventory:

Hand Weapons
 b - a +0 short sword (weapon)
Armour
 a - a +0 robe (worn)
Jewellery
 d - a ring of fire
 h - an amulet of guardian spirit
Wands
 i - a wand of digging (4)
Scrolls
 e - 2 scrolls of vulnerability {unknown}
 f - 4 scrolls of blinking {unknown}
Potions
 c - a potion of lignification {unknown}
 g - a potion of haste {unknown}


   Skills:
 - Level 2.7 Dodging
 - Level 2.2 Stealth
 + Level 3.3 Spellcasting
 + Level 5.4 Ice Magic


You had 2 spell levels left.
You knew the following spells:

 Your Spells              Type           Power      Damage    Failure   Level
a - Freeze                Ice            80%        1d9       1%          1
b - Frozen Ramparts       Ice            40%        1d6       6%          3
c - Ozocubu's Armour      Ice            20%        N/A       6%          3

Your spell library contained the following spells:

 Spells                   Type           Power      Damage    Failure   Level
 Corpse Rot               Necr/Air       4%         N/A       28%         2
 Poisonous Vapours        Pois/Air       4%         N/A       28%         2
 Hailstorm                Conj/Ice       11%        3d5       52%         4


Dungeon Overview and Level Annotations

Branches:
Dungeon (3/15)

Altars:


Innate Abilities, Weirdness & Mutations

((You are very nimble when in or above water. (Stealth+, EV+, Speed+++)))
Your lower body shifts to a powerful aquatic tail in water.


Message History

You feel sick. The adder bites you.
You are too injured to fight recklessly!
You are too injured to fight recklessly!
Aiming: Freeze (safe; 1% risk of failure)
Press: ? - help, Q - select action, (/) - cycle Shift-Dir - straight line, f - adder
Aim: an adder (heavily wounded, slow)
You freeze the adder.
The adder is almost dead.
The adder seems to slow down.
You feel sick. The adder bites you.
Aiming: Freeze (safe; 1% risk of failure)
Press: ? - help, Q - select action, (/) - cycle Shift-Dir - straight line, f/p - adder
Aim: an adder (almost dead, slow)
You freeze the adder!
You kill the adder!
You feel sick.
You feel sick.
You feel sick.
You are no longer poisoned.
A hobgoblin comes into view.
You are too injured to fight recklessly!
You are too injured to fight recklessly!
A goblin comes into view. It is wielding a +0 club.
The hobgoblin shouts!
The hobgoblin hits you.
You closely miss the hobgoblin. The hobgoblin closely misses you.
A kobold comes into view. It is wielding a +0 whip.
The kobold shouts!
You hit the hobgoblin.
The hobgoblin is almost dead.
The hobgoblin hits you.
* * * LOW HITPOINT WARNING * * *
You barely miss the hobgoblin.
The hobgoblin is almost dead.
The hobgoblin hits you.
* * * LOW HITPOINT WARNING * * *
You hit the hobgoblin but do no damage.
The hobgoblin is almost dead.
The hobgoblin hits you.
You die...

#. ... .. # .. ..# .#
#.#. #.##K #.#. .....
... #.#.# ##########
#.###g#.# #.........
#.#.....#.##
###.###.#.##
#..†....@g.#
#...........
########...#
#.#.#....... #...#
#>#.#...#... #...#
#.#......... #...#
#...........
#####...###.##†.#..#.^
......................
...............##.....
...........†..###..###


You could see a hobgoblin, a goblin and a kobold.

Vanquished Creatures
  4 adders
  2 worms (D:2)
  2 dart slugs
  An orc (D:2)
  4 bats
  2 endoplasms (D:1)
  A giant cockroach (D:2)
  2 goblins (D:1)
  3 hobgoblins
  7 jackals
  5 kobolds
  2 ball pythons
  2 frilled lizards (D:1)
  7 rats
44 creatures vanquished.

Vanquished Creatures (others)
  A fungus (D:1)
  A plant (D:1)
2 creatures vanquished.

Grand Total: 46 creatures vanquished

Notes
Turn   | Place    | Note
-------+----------+-------------------------------------------
     0 | D:1      | brightshaft the Merfolk Ice Elementalist began the quest
                  | for the Orb.
     0 | D:1      | Reached XP level 1. HP: 13/13 MP: 3/3
   448 | D:1      | Reached XP level 2. HP: 18/19 MP: 1/5
  1068 | D:1      | Found a faded altar of an unknown god.
  1089 | D:1      | Reached XP level 3. HP: 24/24 MP: 6/6
  1662 | D:2      | Reached skill level 5 in Ice Magic
  1705 | D:2      | Learned a level 3 spell: Frozen Ramparts
  1709 | D:2      | Learned a level 3 spell: Ozocubu's Armour
  1930 | D:2      | Reached XP level 4. HP: 28/30 MP: 0/8
  2810 | D:3      | Slain by a hobgoblin

Illustrated notes

Levels and vault maps discovered:
D:1:      minmay_arrival_semitransparent, layout_loops_ring,
          shapermc_ecumenical_altar_mp_urbaneastern, corexii_corridor_pit
D:2:      layout_basic
D:3:      layout_loops_cross, mainiacjoe_overflow_tiny_flanked

Skill      XL: |  1  2  3 |
---------------+----------+-----
Ice Magic      | 5 |  5.4
Spellcasting   | 3 |  3.3
Dodging        | |  2.7
Stealth        | |  2.2

Action                   |  1- 3 |  4- 6 || total
-------------------------+-------+-------++-------
Melee: Short sword       |    81 |    10 ||    91
       Punch             |     1 |       ||     1
 Cast: Freeze            |    37 |    18 ||    55
 Stab: Sleeping          |     4 |       ||     4
Armor: Robe              |    20 |     2 ||    22
Dodge: Dodged            |    88 |    12 ||   100
